 Dungeon Crawl Stone Soup version 0.14-a0-1663-g0b35444 (webtiles) character file.

165 Nicoed the Skirmisher (level 4, 0/41 HPs)
             Began as a Minotaur Berserker on Dec 29, 2013.
             Was an Initiate of Makhleb.
             Slain by a grizzly bear (4 damage)
             ... summoned by the rage of Trog
             ... on Level 2 of the Dungeon.
             The game lasted 00:08:09 (2105 turns).

Nicoed the Skirmisher (Minotaur Berserker)          Turns: 2105, Time: 00:08:11

HP   0/41        AC  5     Str 22      XL: 4   Next: 45%
MP   2/2         EV 10     Int  4      God: Makhleb [......]
Gold 66          SH  0     Dex 10      Spells:  0 memorised,  3 levels left

rFire  . . .     SeeInvis .     a - +1,+0 hand axe
rCold  . . .     Clarity  .     c - +0 ring mail
rNeg   . . .     Conserve .     (no shield)
rPois  .         rCorr    .     (helmet restricted)
rElec  .         rRot     .     (no cloak)
SustAb . .       Spirit   .     (no gloves)
rMut   .         Warding  .     (no boots)
Saprov . . .     Stasis   .     (no amulet)
                                (no ring)
                                (no ring)

@: slightly resistant to hostile enchantments, extremely unstealthy
A: retaliatory headbutt, horns 2
a: Renounce Religion


You were on level 2 of the Dungeon.
You worshipped Makhleb.
Makhleb was noncommittal.
You were not hungry.

You visited 1 branch of the dungeon, and saw 2 of its levels.

You collected 66 gold pieces.

Inventory:

Hand weapons
 a - a +1,+0 hand axe (weapon)
Armour
 c - a +0 ring mail (worn)
Comestibles
 d - a banana
 i - a pear
Scrolls
 g - 2 scrolls of remove curse {unknown}
 j - a scroll of magic mapping {unknown}
 k - a scroll of random uselessness {unknown}
Potions
 f - 4 potions of heal wounds
 h - a potion of speed {unknown}


   Skills:
 + Level 4.6 Fighting
 + Level 4.4 Axes
 + Level 2.8 Armour
 + Level 3.4 Dodging
 + Level 0.1 Stealth


You had 3 spell levels left.
You didn't know any spells.

Dungeon Overview and Level Annotations

Branches:
Dungeon (2/16)

Altars:
Makhleb


Innate Abilities, Weirdness & Mutations

You reflexively headbutt those who attack you in melee.
You have a pair of horns on your head.


Message History

The black bear is lightly wounded.
The black bear barely misses you.
The black bear claws you but does no damage.
The black bear barely misses you.
The ogre rages.
The black bear bites you! The black bear barely misses you.
The black bear claws you.
As you read the scroll labeled MONGE NOCUTO, it crumbles to dust.
Your +0,+0 hand axe glows green for a moment.
It was a scroll of enchant weapon I.
The black bear closely misses you. The black bear claws you.
The grizzly bear rages.
As you read the scroll labeled RYUCOO SYAMORCH, it crumbles to dust.
You assume a fearsome visage.
It was a scroll of fear.
The black bear bites you. The black bear claws you.
* * * LOW HITPOINT WARNING * * *
The black bear claws you.
* * * LOW HITPOINT WARNING * * *
The grizzly bear bites you.
You die...

######.#.###.###.#
.....#.#.###.# #.#
.....#.#...#.# #.#
.....#.#.###.# #.#
######....##.# #.#
########.....# #.#
.......##.#..# #.#
)............# #U#
.........[...# #@#
.............# #U#
##.#......##.# #O#
...#.........# #.#
####......#### #.#
####.........# #.#
.....#....##.# #.#
..........##.# #.#
##......#.##.# #.#


You could see a grizzly bear (berserk), a black bear (berserk) and an ogre
(berserk).

Vanquished Creatures
  4 adders (D:2)
  A worm (D:2)
  An ooze (D:1)
  2 ball pythons
  3 bats
  3 giant cockroaches (D:1)
  7 hobgoblins
  4 jackals (D:2)
  11 kobolds
  3 giant newts (D:1)
  11 goblins
  6 rats
56 creatures vanquished.

Notes
Turn   | Place    | Note
--------------------------------------------------------------
     0 | D:1      | Nicoed, the Minotaur Berserker, began the quest for the Orb.
     0 | D:1      | Reached XP level 1. HP: 19/19 MP: 1/1
    57 | D:1      | Reached XP level 2. HP: 21/27 MP: 1/1
    81 | D:1      | Reached skill level 4 in Fighting
   200 | D:1      | Acquired Trog's second power
   507 | D:1      | Reached XP level 3. HP: 26/33 MP: 2/2
  1232 | D:2      | Reached XP level 4. HP: 37/41 MP: 2/2
  1593 | D:2      | Found a burning altar of Makhleb.
  1607 | D:2      | Fell from the grace of Trog
  1607 | D:2      | Became a worshipper of Makhleb the Destroyer
  2101 | D:2      | Noticed an ogre
  2101 | D:2      | Noticed a black bear
  2101 | D:2      | Noticed a grizzly bear
  2105 | D:2      | Slain by a grizzly bear

Action                   |  1- 3 |  4- 6 || total
-------------------------+-------+-------++-------
Melee: Hand axe          |   104 |    31 ||   135
  Use: Potion            |     2 |       ||     2
       Scroll            |       |     2 ||     2
